 Dungeon Sprint DCSS version 0.28.0-53-g5a82cb258f (webtiles) character file.

Game seed: 803306923456691669

130 Plasmagod the Skirmisher (level 4, -2/47 HPs)
             Began as a Minotaur Fighter on July 15, 2022.
             Slain by Sigmund
             ... wielding a +2 vampiric scythe
              (10 damage)
             ... in the Dungeon (Sprint I: "Red Sonja").
             The game lasted 00:01:09 (263 turns).

Plasmagod the Skirmisher (Minotaur Fighter)          Turns: 263, Time: 00:01:10

Health: -2/47      AC:  7    Str: 23    XL:     4   Next: 90%
Magic:  3/3        EV:  9    Int:  5    God:
Gold:   0          SH:  5    Dex:  9    Spells: 3/3 levels left

rFire   . . .      SeeInvis .   a - +0 war axe
rCold   . . .      Faith    .   c - +0 buckler
rNeg    . . .      Spirit   .   b - +0 scale mail
rPois   .          Reflect  .   (helmet restricted)
rElec   .          Harm     .   (no cloak)
rCorr   .          Rampage  .   (no gloves)
Will    .....      NoTele   +   (no boots)
Stlth   ..........              (no amulet)
HPRegen 0.15/turn               (no ring)
MPRegen 0.08/turn               (no ring)

@: no status effects
A: horns 2, retaliatory headbutt
a: no special abilities


You were in the Dungeon.
You visited 1 branch

Inventory:

Hand Weapons
 a - a +0 war axe (weapon)
Armour
 b - a +0 scale mail (worn)
 c - a +0 buckler (worn)
Wands
 g - a wand of polymorph (5)
Scrolls
 j - a scroll of blinking
Potions
 d - a potion of might
 e - a potion of curing
 f - a potion of heal wounds
 h - 2 potions of magic
 i - a potion of berserk rage


   Skills:
 + Level 7.3 Fighting
 + Level 3.7 Axes
 + Level 7.2 Armour
 + Level 0.3 Dodging
 + Level 6.8 Shields
 + Level 3.3 Unarmed Combat


You had 3 spell levels left.
You didn't know any spells.
Your spell library was empty.

Dungeon Overview and Level Annotations

Branches:
Dungeon (1/1)

Altars:

Annotations:
D Sigmund


Innate Abilities, Weirdness & Mutations

You have a pair of horns on your head.
You reflexively headbutt those who attack you in melee.


Message History

You slash the water moccasin!
You kill the water moccasin!
The ogre returns to its original shape as it dies.
You feel yourself slow down.
Your Fighting skill gained 2 levels and is now at level 7!
Your Armour skill gained 2 levels and is now at level 7!
Your Shields skill increases to level 6!
Your Unarmed Combat skill gained 2 levels and is now at level 3!
You have reached level 3!
Your experience leads to an increase in your attributes!
Increase (S)trength, (I)ntelligence, or (D)exterity?
You feel stronger. x2
You have reached level 4!
You feel stronger.
There is an open door, spattered with blood here.
You see here an ogre corpse.
You see here a +0 giant spiked club.
You start resting.
HP restored.
You open the door.
Sigmund the Dreaded comes into view.
He is wielding a +2 vampiric scythe.
Sigmund shouts!
Sigmund casts a spell.
Sigmund flickers and vanishes!
Deactivating autopickup; reactivate with Ctrl-A.
You aren't carrying any pieces of jewellery.
Okay, then.
You close the door.
Something unseen opens the door.
Something hits you!
There is an open door, spattered with blood here.
You barely miss something. Your headbutt misses something. Something hits you!
You miss something. Something hits you.
You hit something. You barely miss something. Something hits you.
You barely miss something. You block something's attack.
You miss something. Your headbutt misses something. Something hits you!
* * * LOW HITPOINT WARNING * * *
You closely miss something. Something hits you!
You die...

#############
#<.#..÷).#..+
#..').#..@{.#
#..#####+####
#..# #..#
#..# #⌠⌠#
####


There were no monsters in sight!

Vanquished Creatures
  A water moccasin (D)
  Ijyb (D)
2 creatures vanquished.

Notes
Turn   | Place    | Note
-------+----------+-------------------------------------------
     0 | D        | Plasmagod the Minotaur Fighter began the quest for the Orb.
     0 | D        | Reached XP level 1. HP: 19/19 MP: 0/0
     2 | D        | Noticed Ijyb
    25 | D        | Killed Ijyb
    26 | D        | Reached skill level 5 in Fighting
    26 | D        | Reached skill level 5 in Armour
    26 | D        | Reached skill level 5 in Shields
    26 | D        | Reached skill level 1 in Unarmed Combat
    26 | D        | Reached XP level 2. HP: 22/29 MP: 1/1
    29 | D        | Noticed an ogre
    30 | D        | Noticed a water moccasin
    30 | D        | an ogre changed into a water moccasin
    45 | D        | Killed a water moccasin
    46 | D        | Reached XP level 3. HP: 13/39 MP: 2/2
    46 | D        | Reached XP level 4. HP: 16/47 MP: 3/3
   253 | D        | Noticed Sigmund
   263 | D        | Slain by Sigmund

Illustrated notes

Levels and vault maps discovered:
D:        dungeon_sprint_1 [red_sonja_temple_1, red_sonja_temple_small_1]

Skill      XL: |  1  2 |
---------------+-------+-----
Fighting       | 5 7 |  7.3
Axes           | 3 |  3.7
Armour         | 5 7 |  7.2
Shields        | 5 6 |  6.8
Unarmed Combat | 1 3 |  3.3
Dodging        | |  0.3

Action                   |  1- 3 |  4- 6 || total
-------------------------+-------+-------++-------
Melee: Unarmed           |    35 |       ||    35
       War axe           |     2 |     7 ||     9
Evoke: Wand              |     1 |       ||     1
  Use: Potion            |     1 |       ||     1
Armor: Skin              |     9 |       ||     9
Dodge: Dodged            |    10 |       ||    10
Block: Buckler           |       |     1 ||     1
